 Dungeon Crawl Stone Soup version 0.17-a0-2127-g1cb09f6 (webtiles) character file.

79 Arkorax the Poker (level 4, -3/42 HPs)
             Began as a Naga Gladiator on Oct 22, 2015.
             Was an Initiate of the Shining One.
             Slain by a phantom (6 damage)
             ... on level 3 of the Dungeon.
             The game lasted 00:04:29 (2288 turns).

Arkorax the Poker (Naga Gladiator)                  Turns: 2288, Time: 00:04:29

Health: -3/42      AC:  4    Str: 18    XL:     4   Next: 38%
Magic:  4/4        EV: 10    Int:  8    God:    the Shining One [......]
Gold:   98         SH:  0    Dex: 12    Spells: 0 memorised, 3 levels left

rFire  . . .     SeeInvis +     a - +0 trident
rCold  . . .     Clarity  .     b - +0 leather armour
rNeg   . . .     SustAt   .     (no shield)
rPois  +         Gourm    .     c - +0 helmet
rElec  .         Spirit   .     (no cloak)
rCorr  .         Warding  .     r - +0 pair of gloves
rMut   .         Stasis   .     (no barding)
MR     .....                    (no amulet)
Stlth  +.........               (no ring)
                                (no ring)

@: very slow, not resistant to hostile enchantments, very unstealthy
A: see invisible, deformed body, poison resistance, slowness 2, slow metabolism
1, spit poison 2, AC +1
a: Spit Poison, Renounce Religion


You were on level 3 of the Dungeon.
You worshipped the Shining One.
The Shining One was noncommittal.
You were not hungry.

You visited 1 branch of the dungeon, and saw 3 of its levels.

You collected 98 gold pieces.

Inventory:

Hand Weapons
 a - a +0 trident (weapon)
 u - a +0 whip of venom
Missiles
 d - 3 throwing nets (quivered)
Armour
 b - a +0 leather armour (worn)
 c - a +0 helmet (worn)
 r - a +0 pair of gloves (worn)
Jewellery
 q - a cursed ring of teleportation {unknown}
Scrolls
 i - 2 scrolls of noise {unknown}
 k - 3 scrolls of enchant armour {unknown}
 l - a scroll of recharging {unknown}
 m - 2 scrolls of identify {unknown}
 s - a scroll of remove curse {unknown}
 v - a scroll of blinking {unknown}
Potions
 g - 2 potions of curing {unknown}
 j - a potion of resistance {unknown}
 n - a potion of lignification {unknown}
 o - a potion of poison {unknown}
 p - a potion of flight {unknown}
Comestibles
 e - a bread ration
 f - a beef jerky
 h - 2 meat rations
 t - a royal jelly
 w - 2 slices of pizza


   Skills:
 + Level 3.4 Fighting
 + Level 4.1 Polearms
 - Level 1.7 Throwing
 - Level 2.4 Dodging


You had 3 spell levels left.
You didn't know any spells.

Dungeon Overview and Level Annotations

Branches:
Dungeon (3/15)

Altars:
Yredelemnul
The Shining One


Innate Abilities, Weirdness & Mutations

You cannot wear boots.
Your serpentine skin is tough (AC +1).
You have supernaturally acute eyesight.
Armour fits poorly on your strangely shaped body.
Your system is resistant to poisons.
You cover ground very slowly.
You have a slow metabolism.
You can spit poison.


Message History

Aim: a phantom (almost destroyed)
You closely miss the phantom.
The phantom is almost destroyed.
The phantom barely misses you.
Attack whom?
Press: ? - help, Dir - move target cursor, f/p - phantom
Aim: a phantom (almost destroyed)
You miss the phantom.
The phantom is almost destroyed.
The phantom hits you.
* * * LOW HITPOINT WARNING * * *
Attack whom?
Press: ? - help, Dir - move target cursor, f/p - phantom
Aim: a phantom (almost destroyed)
You barely miss the phantom.
The phantom is almost destroyed.
The phantom hits you.
* * * LOW HITPOINT WARNING * * *
The phantom hits you.
You die...

# #.^#.#..# #..###..#
#.....#†#
.##########..####...
............## ...#
##############.####
...# ..........# #.#
#.##
#########.####.######
.# #.......@W..# .#
##########..# #..#
#.# #.÷# #.# #..# #.#
#..####.# #.)..##.#
##...##.# #.####.#


You could see a phantom.

Vanquished Creatures
  2 adders (D:3)
  3 worms
  4 orcs (D:3)
  2 giant cockroaches (D:3)
  8 goblins
  2 hobgoblins (D:1)
  5 kobolds
  2 quokkas
  4 ball pythons
  8 bats
  A giant gecko (D:3)
  4 giant newts
  5 rats
50 creatures vanquished.

Notes
Turn   | Place    | Note
--------------------------------------------------------------
     0 | D:1      | Arkorax the Naga Gladiator began the quest for the Orb.
     0 | D:1      | Reached XP level 1. HP: 19/19 MP: 1/1
   118 | D:1      | Reached XP level 2. HP: 20/27 MP: 2/2
   628 | D:2      | Found a glowing golden altar of the Shining One.
   631 | D:2      | Noticed an angel
   636 | D:2      | Became a worshipper of the Shining One
   670 | D:2      | Found a basalt altar of Yredelemnul.
   672 | D:2      | Noticed a profane servitor
   681 | D:2      | Reached XP level 3. HP: 12/33 MP: 3/3
  1650 | D:3      | Reached skill level 4 in Polearms
  1650 | D:3      | Reached XP level 4. HP: 37/42 MP: 4/4
  2237 | D:3      | Noticed a phantom
  2288 | D:3      | Slain by a phantom

Vault maps used:
D:1:      minmay_arrival_radiant_lines
D:2:      grunt_temple_overflow_holy_war
D:3:      grunt_decor_one_mirror, minmay_misc_feat_hallway

Action                   |  1- 3 |  4- 6 || total
-------------------------+-------+-------++-------
Melee: Trident           |   126 |    71 ||   197
 Abil: Spit Poison       |     1 |     3 ||     4
 Stab: Sleeping          |     2 |       ||     2
  Eat: Bread ration      |     1 |       ||     1
